 Dungeon Crawl Stone Soup version 0.22-a0-880-gb7b0c8b (webtiles) character file.

1418 prawnwizard the Cudgeler (level 8, -2/63 HPs)
             Began as a Demonspawn Gladiator on July 30, 2018.
             Was a Follower of Makhleb.
             Slain by an orc warrior
             ... wielding a +0 mace
              (12 damage)
             ... on level 6 of the Dungeon.
             The game lasted 00:09:34 (5430 turns).

prawnwizard the Cudgeler (Demonspawn Gladiator)     Turns: 5430, Time: 00:09:34

Health: -2/63      AC: 11    Str: 17    XL:     8   Next: 43%
Magic:  0/8        EV:  9    Int: 10    God:    Makhleb [*.....]
Gold:   197        SH:  6    Dex: 14    Spells: 7/7 levels left

rFire    + . .     SeeInvis .   y - +1 whip
rCold    . . .     Gourm    .   (no shield)
rNeg     . . .     Faith    .   B - +0 chain mail
rPois    .         Spirit   +   (helmet restricted)
rElec    .         Reflect  .   A - +0 cloak
rCorr    .         Harm     .   (no gloves)
MR       +....                  j - +1 pair of boots
Stlth    ..........             (no amulet)
HPRegen  0.20/turn              p - ring of protection from magic
MPRegen  0.11/turn              (no ring)

@: no status effects
A: horns 2, large bone plates 2, fire resistance 1, magic shield
a: Renounce Religion


You were on level 6 of the Dungeon.
You worshipped Makhleb.
Makhleb was aware of your devotion.
You were not hungry.

You visited 1 branch of the dungeon, and saw 6 of its levels.
You also visited: Sewer.

You collected 197 gold pieces.

Inventory:

Hand Weapons
 a - a +0 flail
 y - a +1 whip (weapon)
 C - a +0 arbalest
Missiles
 d - 3 throwing nets (quivered)
Armour
 j - a +1 pair of boots (worn)
 A - a +0 cloak (worn)
 B - a +0 chain mail (worn)
Jewellery
 p - a ring of protection from magic (left hand)
Wands
 z - a wand of polymorph (6)
Scrolls
 c - a scroll of magic mapping
 e - 3 scrolls of identify
 g - a scroll of summoning {unknown}
 h - a scroll of enchant weapon
 k - a scroll of fog
 m - 5 scrolls of remove curse
 n - a scroll of random uselessness {unknown}
 q - a scroll of immolation
 s - 4 scrolls of teleportation
 u - 2 scrolls of fear
Potions
 b - a potion of lignification {unknown}
 i - 2 potions of brilliance
 l - 2 potions of mutation
 o - 5 potions of resistance
 r - a potion of ambrosia {unknown}
 t - a potion of flight {unknown}
 v - 2 potions of heal wounds
 w - 2 potions of haste
 x - 2 potions of curing {unknown}
Comestibles
 f - 7 rations


   Skills:
 + Level 5.5 Fighting
 * Level 7.3 Maces & Flails
 - Level 1.7 Throwing
 + Level 5.4 Dodging


You had 7 spell levels left.
You didn't know any spells.
Your spell library contained the following spells:

 Spells                   Type           Power        Failure   Level  Hunger
 Magic Dart               Conj           #...         100%        1    ##.....
 Apportation              Tloc           #.....       100%        1    ##.....
 Conjure Flame            Conj/Fire      #.......     100%        3    ####...
 Slow                     Hex            #.......     100%        2    ###....
 Mephitic Cloud           Conj/Pois/Air  #.......     100%        3    ####...
 Summon Small Mammal      Summ           #...         100%        1    ##.....
 Blink                    Tloc           N/A          100%        2    ###....
 Animate Skeleton         Necr           N/A          100%        1    ##.....
 Call Imp                 Summ           #.......     100%        2    ###....
 Confusing Touch          Hex            #.....       100%        1    ##.....


Dungeon Overview and Level Annotations

Branches:
Dungeon (6/15)
 Temple: D:4-7

Altars:
Ashenzari
Cheibriados
Dithmenos
Elyvilon
Hepliaklqana
Kikubaaqudgha
Makhleb
Okawaru
Uskayaw
The Shining One


Innate Abilities, Weirdness & Mutations

You have a pair of horns on your head.
You are mostly covered in large bone plates. (SH +6)
Your flesh is heat resistant. (rF+)
When hurt, damage is shared between your health and your magic reserves.


Message History

The orc priest is almost dead.
The orc priest calls down the wrath of Beogh upon you.
You resist with some effort.
You hit the orc priest but do no damage.
You headbutt the orc priest, but do no damage.
The orc priest is almost dead.
The orc warrior hits you with a mace! The orc priest completely misses you.
You hit the orc priest but do no damage.
The orc priest is almost dead.
The orc warrior hits you but does no damage.
Your chain mail prevents you from hitting the orc priest.
You headbutt the orc priest, but do no damage.
The orc priest is almost dead.
The orc priest invokes the aid of Beogh against you.
Beogh smites you!
* * * LOW HITPOINT WARNING * * *
You hit the orc priest but do no damage.
The orc priest is almost dead.
The orc warrior hits you with a mace!
You die...

#######
#..o@(#
#.###o#
# #[#
#.. ....
.....
#......
###...##
#.##


You could see an orc warrior and an orc priest.

Vanquished Creatures
  Duvessa (D:4)
  An ice beast (D:5)
  A sky beast (D:2)
  An ogre (D:5)
  A bullfrog (D:5)
  Dowan (D:4)
  A water moccasin skeleton (D:5)
  5 killer bees
  A crimson imp (D:5)
  A bullfrog zombie (D:5)
  2 orc priests (D:4)
  A centaur skeleton (D:5)
  A hound (D:4)
  3 orc wizards
  A jelly (D:5)
  2 iguanas (D:5)
  A worker ant (D:4)
  A hound skeleton (D:4)
  11 adders
  A howler monkey skeleton (D:4)
  3 river rats (Sewer)
  3 oozes
  2 adder skeletons
  3 worms
  4 dart slugs
  3 leopard geckos
  7 orcs
  7 ball pythons
  5 giant cockroaches
  8 hobgoblins
  11 jackals
  A quokka (D:5)
  2 bats
  12 frilled lizards
  3 goblins
  3 kobolds (D:2)
  19 rats
134 creatures vanquished.

Notes
Turn   | Place    | Note
-------+----------+-------------------------------------------
     0 | D:1      | prawnwizard the Demonspawn Gladiator began the quest for the Orb.
     0 | D:1      | Reached XP level 1. HP: 16/16 MP: 1/1
    87 | D:1      | Reached skill level 3 in Maces & Flails
    87 | D:1      | Gained mutation: Your flesh is heat resistant. (rF+) [demonic ancestry]
    87 | D:1      | Reached XP level 2. HP: 21/22 MP: 2/2
   423 | D:2      | Gained mutation: You are partially covered in large bone plates. (SH +4) [demonic ancestry]
   423 | D:2      | Reached XP level 3. HP: 28/28 MP: 3/3
   425 | D:2      | Found an iron altar of Okawaru.
   577 | D:2      | Noticed a sky beast
   577 | D:2      | Found a shadowy altar of Dithmenos.
   592 | D:2      | Killed a sky beast
   592 | D:2      | Reached skill level 4 in Maces & Flails
   592 | D:2      | Gained mutation: You have a pair of small horns on your head. [demonic ancestry]
   592 | D:2      | Reached XP level 4. HP: 26/35 MP: 4/4
   592 | D:2      | Gained mutation: When hurt, damage is shared between your health and your magic reserves. [demonic ancestry]
   592 | D:2      | Reached XP level 5. HP: 31/41 MP: 5/5
   847 | D:2      | Found a white marble altar of Elyvilon.
   864 | D:2      | Found an ancient bone altar of Kikubaaqudgha.
  1219 | D:3      | Found a burning altar of Makhleb.
  1221 | D:3      | Noticed a cacodemon
  1225 | D:3      | Noticed an orange demon
  1225 | D:3      | Noticed a hellwing
  1264 | D:3      | Found a glowing golden altar of the Shining One.
  1304 | D:3      | Found a hide-covered altar of Uskayaw.
  1333 | D:3      | Found a glowing drain.
  1349 | Sewer    | Entered a sewer
  2085 | D:3      | Found a hazy altar of Hepliaklqana.
  2121 | D:3      | Found a shattered altar of Ashenzari.
  2327 | D:4      | Gained mutation: You are mostly covered in large bone plates. (SH +6) [demonic ancestry]
  2327 | D:4      | Reached XP level 6. HP: 47/47 MP: 6/6
  2396 | D:3      | Became a worshipper of Makhleb the Destroyer
  2436 | D:4      | Found a snail-covered altar of Cheibriados.
  2551 | D:4      | Noticed Duvessa
  2551 | D:4      | Noticed Dowan
  2854 | D:4      | Killed Duvessa
  2854 | D:4      | Reached skill level 5 in Maces & Flails
  2873 | D:4      | Killed Dowan
  3153 | D:4      | Gained mutation: You have a pair of horns on your head. [demonic ancestry]
  3153 | D:4      | Reached XP level 7. HP: 47/54 MP: 7/7
  3523 | D:5      | Entered Level 5 of the Dungeon
  3774 | D:4      | Reached skill level 6 in Maces & Flails
  4678 | D:5      | Reached skill level 5 in Fighting
  4678 | D:5      | Reached skill level 5 in Dodging
  4678 | D:5      | Reached XP level 8. HP: 50/62 MP: 5/8
  4685 | D:5      | Reached * piety under Makhleb
  4844 | D:5      | Reached skill level 7 in Maces & Flails
  5430 | D:6      | Slain by an orc warrior

Vault maps used:
D:1:      tarquinn_simple_flora_water_f
D:2:      wad_crossroads, lemuel_doored_altar, marbit_many_paths,
          grunt_dithmenos_smoke_and_mirrors, okawaru_trees_1, first_ration
D:3:      lemuel_coloured_pillars_altar, makhleb_altar_promises_db,
          eat_drink_and_be_merry_uskayaw, ashenzari_altar_1,
          overflow_temple_1_default, cheibrodos_sewer_entry_sluice
D:4:      cheibriados_altar_1, uniq_duvessa
D:6:      nicolae_gozag_cash_rules_everything_around_me
Sewer:    sewer_co_cracked_pipes

Skill      XL: |  1  2  3  4  5  6  7  8 |
---------------+-------------------------+-----
Maces & Flails | 3 4 5 6 7 |  7.3
Dodging        | 3 4 5 |  5.4
Fighting       | 3 4 5 |  5.5
Throwing       | |  1.7

Action                   |  1- 3 |  4- 6 |  7- 9 || total
-------------------------+-------+-------+-------++-------
Melee: Flail             |    87 |   141 |       ||   228
       Headbutt          |       |    49 |    53 ||   102
       Whip              |       |   102 |   264 ||   366
       Unarmed           |       |    20 |       ||    20
  Use: Scroll            |       |       |    13 ||    13
       Potion            |       |       |     1 ||     1
 Stab: Sleeping          |     3 |       |       ||     3
       Confused          |       |     3 |       ||     3
  Eat: Chunk             |       |     8 |     7 ||    15
Armor: Leather armour    |    24 |     2 |       ||    26
       Ring mail         |       |    83 |       ||    83
       Chain mail        |       |       |   121 ||   121
Dodge: Dodged            |    61 |   163 |    97 ||   321
Block: Other             |     9 |    58 |    71 ||   138

Table legend:
 A = Spawn XP
 B = Non-spawn XP
 C = Spawn XP percentage of total XP
 D = Spawn monster count
 E = Non-spawn monster count
 F = Spawn count percentage of total count
 G = Total turns spent on level
                    A         B        C        D         E        F      G
               +---------+---------+-------+---------+---------+-------+---------
         Total |       0 |    2026 |   0.0 |       0 |     134 |   0.0 |  5430
               +---------+---------+-------+---------+---------+-------+---------
           D:1 |       0 |      39 |   0.0 |       0 |      17 |   0.0 |   422
           D:2 |       0 |     225 |   0.0 |       0 |      30 |   0.0 |   652
           D:3 |       0 |      57 |   0.0 |       0 |      16 |   0.0 |   868
           D:4 |       0 |     784 |   0.0 |       0 |      33 |   0.0 |  1682
           D:5 |       0 |     861 |   0.0 |       0 |      19 |   0.0 |  1134
           D:6 |       0 |       6 |   0.0 |       0 |       2 |   0.0 |    44
         Sewer |       0 |      54 |   0.0 |       0 |      17 |   0.0 |   628
               +---------+---------+-------+---------+---------+-------+---------
